 Dungeon Crawl Stone Soup version 0.19.5 (webtiles) character file.

291 Refraint the Scratcher (level 6, 0/28 HPs)
             Began as a Felid Berserker on Apr 11, 2017.
             Was a Believer of Trog.
             Slain by an orc priest (4 damage)
             ... on level 4 of the Dungeon.
             The game lasted 00:29:20 (6598 turns).

Refraint the Scratcher (Felid Berserker)            Turns: 6598, Time: 00:29:21

Health: 0/28       AC:  2    Str: 14 (15) XL:     6   Next: 10%
Magic:  7/7        EV: 20    Int:  8 (9)  God:    Trog [**....]
Gold:   166        SH:  0    Dex: 13 (15) Spells: 0 memorised, 5 levels left
                                        Lives:  0   Deaths: 1

rFire  + . .     SeeInvis +       - Unarmed
rCold  . . .     Gourm    .     (armour unavailable)
rNeg   . . .     Faith    .     (shield unavailable)
rPois  .         Spirit   .     (helmet unavailable)
rElec  .         Reflect  .     (cloak unavailable)
rCorr  .         Harm     .     (gloves unavailable)
MR     .....                    (boots unavailable)
Stlth  +++.......               (no amulet)
                                t - ring of flight
                                C - ring of protection from fire

@: quick
A: no armour, no weapons or thrown items, stealth, claws 1, fangs 3, see
invisible, carnivore 3, speed 1, shaggy fur 2, slow metabolism 1, sharp paws
a: Berserk, Trog's Hand, Burn Spellbooks, Renounce Religion, Evoke Flight


You were on level 4 of the Dungeon.
You worshipped Trog.
Trog was pleased with you.
You were not hungry.

You visited 2 branches of the dungeon, and saw 5 of its levels.

You collected 166 gold pieces.

Inventory:

Hand Weapons
 c - a +0 dagger
 i - a +0 mace
 m - a cursed +0 flail
Missiles
 r - 16 poisoned needles
Armour
 p - a +0 pair of gloves
 u - a +2 centaur barding
 v - a cursed +0 ring mail
 w - a +0 pair of boots
Jewellery
 b - an uncursed ring of positive energy
 e - an uncursed ring of magical power
 s - an uncursed ring of fire
 t - a ring of flight (right paw)
 C - a ring of protection from fire (left paw)
Wands
 f - a wand of confusion (29/48)
Scrolls
 g - 5 scrolls of identify {unknown}
 j - 2 scrolls of noise {unknown}
 l - 3 scrolls of recharging {unknown}
 n - a scroll of amnesia {unknown}
 q - a scroll of blinking {unknown}
 y - a scroll of magic mapping {unknown}
 D - a scroll of remove curse {unknown}
Potions
 d - 2 potions of might {unknown}
 o - a potion of lignification {unknown}
 x - a potion of flight {unknown}
 B - a potion of curing
Comestibles
 a - 3 meat rations
 h - 5 fruits
 z - a bread ration
 A - a slice of pizza


   Skills:
 + Level 3.4 Fighting
 + Level 5.5 Dodging
 + Level 3.6 Stealth
 + Level 5.7 Unarmed Combat


You had 5 spell levels left.
You didn't know any spells.

Dungeon Overview and Level Annotations

Branches:
Dungeon (4/15)             Temple (1/1) D:4

Altars:
Ashenzari
Cheibriados
Dithmenos
Elyvilon
Fedhas
Gozag
Kikubaaqudgha
Makhleb
Nemelex Xobeh
Okawaru
Qazlal
Trog
Uskayaw
Vehumet
Zin
The Shining One


Innate Abilities, Weirdness & Mutations

You cannot wear armour.
You are incapable of wielding weapons or throwing items.
Your paws allow you to move quietly. (Stealth)
You have sharp claws.
You have razor-sharp teeth.
You have supernaturally acute eyesight. (SInv)
You are carnivorous and can eat meat at any time.
You cover ground quickly.
You are covered in thick fur. (AC +2)
You have a slow metabolism.
Your sharp claws are effective at attacking unaware monsters.


Message History

The orc wizard gestures at you while chanting.
The magic dart hits you! The orc priest misses you.
You scratch the orc wizard.
The orc wizard is lightly wounded.
The orc wizard points at you and mumbles some strange words.
The puff of frost hits you!
* * * LOW HITPOINT WARNING * * *
The ogre closely misses you.
You scratch the orc wizard.
The orc wizard is moderately wounded.
The orc priest misses you. The orc wizard casts a spell at you.
The magic dart hits you!
* * * LOW HITPOINT WARNING * * *
It was a potion of degeneration.
There was something very wrong with that liquid.
You feel weakened.
You feel dopey.
You feel clumsy. The orc priest hits you.
You die...

######## #......#
#.####.###########
##.##.#.##..O......
#..........########
##O##.#.####
#@####.# ###oo....#
#.....#### #.....#
#.....# ####
#.....# ...o
#.....# .....
##.#### ..... #.#
.o....


You could see an ogre, an orc priest and an orc wizard.

Vanquished Creatures
  A scorpion (D:4)
  A hound (D:4)
  An orc wizard (D:4)
  2 centaur skeletons (D:4)
  2 orc priests (D:4)
  5 gnolls
  An adder (D:2)
  An ooze (D:1)
  A worm (D:4)
  3 dart slugs
  2 leopard geckos
  6 orcs (D:4)
  5 giant cockroaches
  9 goblins
  5 hobgoblins
  A ball python (D:1)
  8 bats
  7 frilled lizards
  6 kobolds
  9 rats
76 creatures vanquished.

Vanquished Creatures (others)
  A kobold (D:2)
1 creature vanquished.

Grand Total: 77 creatures vanquished

Notes
Turn   | Place    | Note
-------+----------+-------------------------------------------
     0 | D:1      | Refraint the Felid Berserker began the quest for the Orb.
     0 | D:1      | Reached XP level 1. HP: 10/10 MP: 2/2
  1297 | D:1      | Reached XP level 2. HP: 14/14 MP: 3/3
  2401 | D:1      | Reached XP level 3. HP: 14/17 MP: 4/4
  2752 | D:2      | Found an iron altar of Okawaru.
  3100 | D:2      | Reached ** piety under Trog
  3679 | D:1      | Found a sparkling altar of Nemelex Xobeh.
  4014 | D:1      | Reached XP level 4. HP: 21/21 MP: 5/5
  4016 | D:1      | Reached skill level 1 in Stealth
  4449 | D:3      | Found a glowing golden altar of the Shining One.
  4748 | D:4      | Reached skill level 5 in Dodging
  4766 | D:4      | HP: 1/21 [gnoll/flail (9)]
  4802 | D:4      | Killed from afar by an orc priest
  4803 | D:4      | Reached XP level 3. HP: -4/17 MP: 4/4
  5180 | D:4      | Reached XP level 4. HP: 21/21 MP: 5/5
  5320 | D:4      | Reached skill level 5 in Unarmed Combat
  5370 | D:4      | Reached XP level 5. HP: 10/24 MP: 6/6
  5538 | D:4      | Gained mutation: You are covered in thick fur. (AC +2) [Felid growth]
  5538 | D:4      | Reached XP level 6. HP: 5/28 MP: 7/7
  5791 | D:4      | Found a staircase to the Ecumenical Temple.
  5815 | Temple   | Entered the Ecumenical Temple
  6598 | D:4      | Slain by an orc priest

Skill      XL: |  1  2  3  4  5 |
---------------+----------------+-----
Unarmed Combat | 4 5 |  5.7
Stealth        | 2 3 |  3.6
Dodging        | 5 |  5.5
Fighting       | |  3.4

Action                   |  1- 3 |  4- 6 || total
-------------------------+-------+-------++-------
Melee: Unarmed           |   121 |   100 ||   221
       Bite              |    12 |    14 ||    26
       Punch             |     2 |     2 ||     4
  Use: Potion            |       |     3 ||     3
 Stab: Sleeping          |     6 |     2 ||     8
  Eat: Chunk             |    13 |     5 ||    18
Armor: Skin              |     5 |     2 ||     7
Dodge: Dodged            |   103 |    69 ||   172
